 Dungeon Crawl Stone Soup version 0.19-a0-1678-g8ce114c (webtiles) character file.

70 Promi the Magician (level 3, 0/28 HPs)
             Began as a Demigod Wizard on Sept 24, 2016.
             Slain by a quokka (2 damage)
             ... on level 3 of the Dungeon.
             The game lasted 00:09:20 (2472 turns).

Promi the Magician (Demigod Wizard)                 Turns: 2472, Time: 00:09:21

Health: 0/28       AC:  4    Str:  9 (10) XL:     3   Next: 77%
Magic:  5/10       EV: 12    Int: 22 (24) God:
Gold:   126        SH:  0    Dex: 14      Spells: 1 memorised, 7 levels left

rFire  . . .     SeeInvis .     e - +1 dagger
rCold  . . .     Gourm    .     a - +1 robe
rNeg   . . .     Faith    .     (no shield)
rPois  .         Spirit   .     b - +1 hat
rElec  .         Dismiss  .     (no cloak)
rCorr  .         Reflect  .     (no gloves)
MR     +....     Harm     .     (no boots)
Stlth  ++........               (no amulet)
                                (no ring)
                                p - ring of protection from magic

@: no status effects
A: high mp 1
a: no special abilities


You were on level 3 of the Dungeon.
You were near starving.

You visited 1 branch of the dungeon, and saw 3 of its levels.

You collected 126 gold pieces.

Inventory:

Hand Weapons
 e - a +1 dagger (weapon)
Armour
 a - a +1 robe (worn)
 b - a +1 hat (worn)
Jewellery
 p - a ring of protection from magic (left hand)
Scrolls
 f - 2 scrolls of remove curse
 g - 2 scrolls of identify
 h - a scroll of teleportation {unknown}
 m - a scroll of magic mapping
Books
 c - a book of Minor Magic

   Spells                             Type                      Level
   a - Magic Dart                     Conjuration                  1
   b - Blink                          Translocation                2
   c - Call Imp                       Summoning                    2
   d - Repel Missiles                 Charms/Air                   2
   e - Slow                           Hexes                        2
   f - Conjure Flame                  Conjuration/Fire             3
   g - Mephitic Cloud                 Conjuration/Poison/Air       3
Comestibles
 d - a bread ration
 k - a beef jerky
 l - a fruit


   Skills:
 + Level 1.3 Fighting
 + Level 2.2 Dodging
 + Level 2.3 Stealth
 + Level 3.2 Spellcasting
 + Level 1.2 Conjurations
   Level 0.8 Summonings
   Level 0.8 Translocations


You had 7 spell levels left.
You knew the following spells:

 Your Spells              Type           Power        Failure   Level  Hunger
a - Magic Dart            Conj           #...         10%         1    None


Dungeon Overview and Level Annotations

Branches:
Dungeon (3/15)

Annotations:
D:2 Terence
D:3 Sigmund


Innate Abilities, Weirdness & Mutations

You have an increased reservoir of magic. (+10% MP)


Message History

The quokka bites you.
* * * LOW HITPOINT WARNING * * *
There is an open door here.
Sigmund mumbles some strange words.
Sigmund flickers and vanishes!
Deactivating autopickup; reactivate with Ctrl-A.
The quokka bites you but does no damage.
The quokka barely misses you.
There is an open door here.
The quokka barely misses you.
There is a stone staircase leading down here.
The quokka closely misses you.
Your magical contamination has completely faded away.
The quokka bites you.
* * * LOW HITPOINT WARNING * * *
The quokka bites you.
* * * LOW HITPOINT WARNING * * *
There is a stone staircase leading down here.
The quokka completely misses you. The quokka bites you.
You die...

#.......##
#..#..#.##.###.#..#
##.....##
#.##.##.##.# .##.#
##...##
#.##.##.##.# .. .#
##'## #.......##..
#. # #.#
####.####### #.#
#.# ##.#### #.#
###...#.## #.#
.......#.## #@#
###.>.###.## #r#
#..## ##.#####.#
#.#.###........#
#....#.#########
#####.## ###


You could see a quokka.

Vanquished Creatures
  2 adders
  An ooze (D:3)
  2 worms (D:2)
  2 dart slugs
  A ball python (D:2)
  3 bats (D:1)
  2 giant cockroaches
  10 goblins
  4 hobgoblins
  4 kobolds (D:1)
  3 frilled lizards
  8 rats
42 creatures vanquished.

Notes
Turn   | Place    | Note
-------+----------+-------------------------------------------
     0 | D:1      | Promi the Demigod Wizard began the quest for the Orb.
     0 | D:1      | Reached XP level 1. HP: 14/14 MP: 6/6
   178 | D:1      | Reached skill level 3 in Spellcasting
   263 | D:1      | Reached XP level 2. HP: 20/20 MP: 4/8
   473 | D:1      | Reached skill level 1 in Conjurations
   928 | D:2      | Found an ancient bone altar of Kikubaaqudgha.
  1047 | D:2      | Reached skill level 1 in Fighting
  1115 | D:2      | Reached XP level 3. HP: 28/28 MP: 7/10
  1301 | D:2      | Noticed Terence
  1833 | D:2      | Found a burning altar of Makhleb.
  2410 | D:3      | Noticed Sigmund
  2472 | D:3      | Slain by a quokka

Vault maps used:
D:1:      eino_arrival_tree_alley
D:2:      lemuel_doored_altar, lightli_temple_of_fire,
          small_statue_intersection, minmay_pentomino_q2, uniq_terence
D:3:      marbit_many_paths, uniq_sigmund

Skill      XL: |  1  2 |
---------------+-------+-----
Stealth        | 2 |  2.3
Spellcasting   | 3 |  3.2
Conjurations   | 1 |  1.2
Fighting       | 1 |  1.3
Dodging        | 2 |  2.2
Summonings     | |  0.8
Translocations | |  0.8

Action                   || total
-------------------------++-------
Melee: Dagger            ||    76
 Cast: Magic Dart        ||   105
  Use: Scroll            ||    10
       Potion            ||     8
 Stab: Sleeping          ||     2
  Eat: Chunk             ||     3
Armor: Robe              ||    33
       Skin              ||     8
Dodge: Dodged            ||    85
